Map: 시뮬레이크럼 - 래더

Players

Aang - Winner!

  • Race: Terran Terran
  • League: Master
  • Spawn Location: 11:00

치터 칸 (가장 어려움)

  • Race: Zerg Zerg
  • Spawn Location: 5:00

VOD

Have the link to the VOD?

Description

Time

  • Played on: Dec. 25, 2019, 1:21 p.m.
  • Length: 11:05
Show
View Real Time Build Order
Export as new Build Order

Aang Terran - Winner!

Build Orders: 2 Factory, Mech 

Get SALT Encoding   

  12  0:01  SCV  
  13  0:13  SCV  
  14  0:17  Supply Depot  
  14  0:27  SCV  
  14  0:28  Refinery  
  15  0:39  SCV  
  16  0:44  Barracks  
  16  0:51  SCV  
  17  1:03  SCV  
  18  1:15  SCV  
  19  1:32  Orbital Command  
  20  1:33  Barracks Reactor  
  19  1:43  Command Center  
  19  1:58  Factory  
  19  1:59  SCV  
  20  2:11  SCV, Refinery  
  20  2:12  Supply Depot  
  21  2:16  Marine  
  22  2:23  SCV  
  23  2:41  SCV  
  24  2:46  Factory  
  24  2:49  Hellion  
  24  2:50  Hellion  
  28  2:51  Barracks Tech Lab  
  28  2:57  Orbital Command  
  28  2:58  SCV  
  29  3:12  Orbital Command  
  29  3:17  Hellion x2  
  29  3:19  SCV  
  34  3:32  Factory, SCV  
  35  3:35  Siege Tank  
  35  3:39  SCV  
  39  3:44  SCV  
  40  3:53  SCV  
  40  3:54  Supply Depot  
  41  3:56  Supply Depot  
  41  3:58  SCV  
  41  4:00  Barracks Tech Lab  
  41  4:01  Hellion x2  
  46  4:16  Siege Tank, SCV x2  
  51  4:25  Command Center  
  51  4:31  SCV x2, Supply Depot  
  53  4:42  Siege Tank  
  53  4:43  SCV, Refinery  
  53  4:44  SCV  
  58  4:55  SCV  
  58  4:56  SCV, Supply Depot  
  58  4:57  Hellion x2  
  67  5:00  Siege Tank  
  67  5:05  Armory  
  67  5:08  SCV  
  67  5:11  SCV  
  67  5:13  Refinery  
  69  5:14  Refinery  
  69  5:19  Siege Tank  
  69  5:21  SCV  
  73  5:23  SCV  
  73  5:27  Supply Depot  
  76  5:28  Hellion  
  76  5:30  Supply Depot  
  76  5:34  SCV  
  77  5:37  Siege Tank  
  77  5:40  SCV  
  77  5:41  Orbital Command  
  81  5:47  SCV  
  82  5:54  Terran Vehicle Weapons Level 1  
  82  5:56  Supply Depot  
  82  5:57  Supply Depot  
  82  5:58  Hellion  
  87  6:05  Thor  
  87  6:06  SCV  
  87  6:07  Orbital Command  
  91  6:16  Supply Depot  
  91  6:18  Engineering Bay, SCV x2  
  92  6:19  Supply Depot  
  93  6:30  SCV x2, Supply Depot  
  95  6:38  SCV  
  96  6:41  Refinery  
  96  6:42  Thor, SCV  
  96  6:44  Hellion  
  96  6:45  SCV  
  96  6:46  Refinery  
  106  6:51  Thor  
  112  6:57  Infernal Pre-Igniter  
  112  6:58  SCV x2  
  112  6:59  SCV  
  115  7:06  Hellion x2  
  119  7:10  SCV  
  119  7:11  SCV x2  
  122  7:15  Supply Depot  
  122  7:17  Supply Depot  
  122  7:23  SCV  
  122  7:24  Factory  
  122  7:27  Factory  
  123  7:36  Siege Tank x2  
  133  7:37  Hellion x2  
  133  7:46  SCV x3  
  136  7:52  Supply Depot  
  136  7:54  Terran Vehicle Weapons Level 2, Supply Depot  
  136  7:56  Missile Turret  
  136  7:58  SCV x3  
  138  8:04  Hellion x2  
  137  8:15  Siege Tank x2  
  137  8:16  Factory Reactor, Factory Tech Lab  
  123  8:21  SCV x3  
  120  8:32  Hellion x2, Command Center  
  124  8:38  SCV x3  
  124  8:41  Siege Tank  
  130  8:47  Siege Tank, Hellion  
  135  8:53  Hellion x2  
  135  8:54  SCV x2  
  133  9:09  Siege Tank  
  130  9:13  Hellion x2, Siege Tank  
  130  9:15  Hellion x2  
  141  9:19  Siege Tank  
  141  9:23  SCV x3  
  147  9:29  Factory  
  147  9:30  Factory x2  
  145  9:41  Siege Tank  
  145  9:42  Missile Turret, Sensor Tower  
  149  9:52  Siege Tank  
  149  9:53  Siege Tank, Hellion x4  
  149  9:56  Refinery  
  149  9:59  Refinery  
  160  10:00  Planetary Fortress, SCV x2  
  160  10:13  Siege Tank  
  163  10:14  Hellion  
  163  10:21  Factory Tech Lab x3  
  165  10:24  Siege Tank  
  165  10:25  Siege Tank  
  171  10:32  Command Center  
  171  10:33  Hellion x2  
Show
View Real Time Build Order
Export as new Build Order

치터 칸 (가장 어려움) Zerg 

Build Orders: Pool First, Lurkers 

Get SALT Encoding   

  12  0:00  Drone  
  13  0:11  Overlord  
  13  0:16  Drone  
  14  0:29  Drone x2  
  14  0:33  Drone  
  17  0:42  Spawning Pool  
  16  0:43  Drone  
  17  1:04  Drone, Hatchery  
  17  1:08  Extractor  
  17  1:09  Drone, Extractor  
  16  1:16  Drone  
  17  1:26  Drone  
  18  1:33  Queen  
  18  1:37  Drone  
  21  1:47  Overlord  
  21  1:58  Zergling x2  
  22  2:09  Queen, Drone  
  22  2:15  Roach Warren, Drone  
  25  2:20  Drone  
  26  2:26  Drone  
  27  2:31  Drone  
  27  2:37  Drone  
  29  2:40  Drone, Zergling x2  
  29  2:41  Zergling x2  
  29  2:42  Overlord  
  32  2:47  Drone  
  33  2:53  Drone  
  36  2:58  Roach  
  36  2:59  Lair  
  36  3:04  Roach  
  38  3:09  Roach  
  38  3:12  Overlord x2, Roach  
  42  3:15  Zergling x2  
  42  3:19  Zergling x2  
  44  3:27  Overlord  
  44  3:30  Zergling x2  
  45  3:37  Drone  
  45  3:40  Roach  
  45  3:41  Drone x3  
  51  3:48  Drone x2, Roach, Overlord  
  55  3:52  Roach  
  57  3:59  Roach  
  57  4:00  Hydralisk Den  
  58  4:03  Drone  
  58  4:09  Overlord, Roach  
  62  4:10  Drone  
  62  4:11  Roach  
  64  4:24  Overlord  
  64  4:29  Hydralisk x4  
  72  4:31  Hydralisk  
  72  4:35  Hydralisk  
  72  4:37  Hydralisk x3  
  82  4:43  Hydralisk  
  84  4:46  Hydralisk  
  84  4:50  Hydralisk  
  84  4:51  Hydralisk x2  
  92  4:54  Overlord  
  92  4:58  Overlord  
  92  5:01  Metabolic Boost  
  92  5:04  Extractor  
  92  5:05  Evolution Chamber, Drone  
  92  5:06  Drone  
  92  5:09  Evolution Chamber  
  92  5:10  Drone  
  92  5:12  Evolution Chamber  
  92  5:13  Hatchery  
  90  5:20  Drone  
  91  5:22  Drone  
  91  5:24  Drone  
  91  5:25  Drone  
  91  5:26  Drone  
  91  5:28  Drone  
  96  5:31  Zerg Melee Weapons Level 1, Overlord  
  96  5:33  Drone  
  96  5:35  Drone, Zergling x2, Zerg Ground Armor Level 1  
  99  5:36  Drone  
  99  5:38  Zerg Missile Weapons Level 1, Drone  
  99  5:39  Drone  
  102  5:46  Drone, Ravager  
  102  5:49  Overlord, Ravager  
  105  5:54  Lurker Den  
  105  5:55  Drone, Zergling x4  
  107  5:58  Drone  
  107  6:00  Drone  
  107  6:02  Glial Reconstitution  
  107  6:04  Drone, Roach, Zergling x2  
  111  6:09  Overlord  
  111  6:10  Extractor  
  112  6:12  Pneumatized Carapace, Drone  
  112  6:14  Overseer  
  112  6:15  Spine Crawler  
  112  6:18  Spine Crawler  
  111  6:20  Drone  
  111  6:21  Burrow  
  111  6:23  Drone  
  111  6:24  Drone, Queen  
  116  6:26  Drone  
  116  6:27  Drone, Roach  
  116  6:32  Drone, Overlord  
  121  6:33  Drone x2  
  121  6:37  Extractor, Hatchery  
  121  6:38  Drone  
  121  6:39  Drone  
  123  6:42  Drone  
  123  6:45  Drone  
  123  6:46  Drone  
  126  6:53  Drone, Lurker x4  
  131  6:56  Overlord, Overseer, Lurker, Spore Crawler, Drone  
  131  6:58  Drone, Spore Crawler  
  131  6:59  Drone x2, Extractor  
  134  7:01  Drone x3  
  134  7:02  Lurker  
  134  7:04  Drone  
  134  7:07  Drone  
  134  7:08  Drone, Spine Crawler  
  139  7:15  Overlord, Overseer  
  139  7:18  Drone  
  139  7:19  Drone  
  141  7:24  Queen  
  141  7:25  Zerg Melee Weapons Level 2  
  141  7:26  Drone  
  141  7:29  Drone  
  145  7:30  Infestation Pit, Drone x4  
  145  7:31  Drone x3  
  145  7:33  Overlord, Drone x2  
  145  7:34  Zerg Missile Weapons Level 2  
  153  7:47  Spine Crawler  
  153  7:48  Drone  
  153  7:52  Overlord  
  153  7:55  Queen, Roach, Extractor  
  153  7:56  Drone  
  153  7:59  Drone, Spine Crawler  
  153  8:01  Spore Crawler  
  153  8:02  Zerg Ground Armor Level 2, Drone  
  153  8:06  Zergling x2  
  153  8:07  Zergling x2  
  153  8:08  Hatchery, Zergling x2  
  153  8:09  Drone, Hive, Roach  
  153  8:10  Overlord, Zergling x8  
  153  8:12  Zergling x4  
  149  8:13  Hydralisk, Roach  
  149  8:14  Zergling x2  
  149  8:16  Roach  
  149  8:17  Roach  
  127  8:20  Roach  
  127  8:22  Extractor  
  127  8:23  Hydralisk x2  
  127  8:26  Hydralisk  
  108  8:29  Drone, Hydralisk  
  108  8:30  Roach  
  108  8:31  Zergling x2  
  108  8:33  Hydralisk  
  108  8:34  Drone, Roach, Zergling x4  
  109  8:36  Ravager  
  109  8:38  Drone  
  113  8:43  Roach, Spine Crawler  
  113  8:44  Ravager  
  113  8:45  Drone  
  110  8:49  Drone x2  
  110  8:53  Drone, Spine Crawler  
  110  8:54  Drone  
  102  8:56  Drone  
  102  8:58  Queen, Zergling x4  
  102  8:59  Zergling x2  
  102  9:00  Zergling x2  
  102  9:02  Drone, Zergling x4  
  89  9:05  Drone  
  89  9:06  Queen  
  89  9:07  Zergling x2  
  78  9:11  Zergling x2  
  78  9:15  Drone, Zergling x2  
  80  9:17  Zergling x2  
  80  9:20  Queen, Zergling x2  
  80  9:21  Baneling Nest  
  80  9:22  Zergling x2  
  80  9:24  Ultralisk Cavern  
  76  9:26  Hydralisk, Zergling x2  
  76  9:27  Drone x2  
  76  9:28  Drone  
  76  9:29  Spire  
  76  9:30  Zergling x2  
  76  9:31  Drone x3, Roach, Spine Crawler  
  75  9:33  Roach  
  75  9:38  Drone  
  70  9:39  Hydralisk  
  53  9:48  Roach  
  53  9:49  Drone, Roach  
  41  9:53  Roach  
  41  9:57  Drone  
  35  10:00  Zergling x2  
  35  10:04  Zergling x2  
  28  10:11  Drone x2  
  28  10:13  Ultralisk  
  31  10:18  Baneling, Roach  
  26  10:27  Roach  
  21  10:42  Drone  
  18  10:44  Drone x2  
  16  10:53  Drone  
Tags
 
Add a new tag
Caveats
  • Supply blocks, unpowered buildings, or Contaminate may cause inaccurate times.
  • Supply counts are checked every 10 seconds.